 Dungeon Crawl Stone Soup version 0.17-a0-1621-gfc7a675 (webtiles) character file.

31 MiaIshata the Skirmisher (level 3, -5/29 HPs)
             Began as a Formicid Abyssal Knight on Aug 2, 2015.
             Was a Follower of Lugonu.
             Slain by MiaIshata's ghost (6 damage)
             ... on level 3 of the Dungeon.
             The game lasted 00:09:43 (1926 turns).

MiaIshata the Skirmisher (Formicid Abyssal Knight)  Turns: 1926, Time: 00:09:43

Health: -5/29      AC:  8    Str: 17    XL:     3   Next: 40%
Magic:  5/5        EV:  7    Int: 11    God:    Lugonu [*.....]
Gold:   118        SH:  0    Dex: 10    Spells: 0 memorised, 2 levels left

rFire  . . .     SeeInvis +     a - +1 spear
rCold  . . .     Clarity  .     d - +0 chain mail
rNeg   . . .     SustAt   .     (no shield)
rPois  .         Gourm    .     (helmet unavailable)
rElec  .         Spirit   .     (no cloak)
rCorr  .         Warding  .     (no gloves)
rMut   .         Stasis   +     (no boots)
MR     .....                    (no amulet)
Stlth  ..........               (no ring)
                                (no ring)

@: lethally poisoned (-5 -> -8), not resistant to hostile enchantments,
extremely unstealthy
A: permanent stasis, dig shafts and tunnels, four strong arms, antennae 3
a: Dig, Shaft Self, Depart the Abyss, Renounce Religion


You were on level 3 of the Dungeon.
You worshipped Lugonu.
Lugonu was aware of your devotion.
You were not hungry.

You visited 1 branch of the dungeon, and saw 3 of its levels.
You visited the Abyss 1 time.

You collected 118 gold pieces.

Inventory:

Hand weapons
 a - a +1 spear (weapon)
 e - a +0 spear
Armour
 b - a +0 leather armour
 d - a +0 chain mail (worn)
Scrolls
 f - 2 scrolls of immolation
Comestibles
 c - a bread ration


   Skills:
 * Level 3.5 Fighting
 + Level 2.4 Polearms
 + Level 2.6 Armour
 + Level 1.2 Dodging
 + Level 2.7 Invocations


You had 2 spell levels left.
You didn't know any spells.

Dungeon Overview and Level Annotations

Branches:
Dungeon (3/15)

Altars:
The Shining One

Annotations:
D:3 MiaIshata's ghost, average FoFi


Innate Abilities, Weirdness & Mutations

You are under a permanent stasis effect.
You can dig through walls and to a lower floor.
Your four strong arms can wield two-handed weapons with a shield.
You have a pair of large antennae on your head (SInv).


Message History

The goblin completely misses you. The adder bites you.
* * * LOW HITPOINT WARNING * * *
You are poisoned.
The adder poisons you! The orc hits you with a flail.
* * * LOW HITPOINT WARNING * * *
MiaIshata's ghost completely misses you.
The orc hits you.
* * * LOW HITPOINT WARNING * * *
You hit the goblin.
You kill the goblin!
Lugonu accepts your kill.
* * * LOW HITPOINT WARNING * * *
You feel sick. The adder barely misses you.
The orc hits you but does no damage. MiaIshata's ghost barely misses you.
The orc hits you but does no damage.
A goblin comes into view.
Your chain mail prevents you from hitting the orc.
The adder bites you but does no damage. The orc hits you but does no damage.
The orc hits you but does no damage. MiaIshata's ghost hits you.
You die...

. #... S... . #..
....####### .##..
...%.....# .....
........# ....# #+#
#......# ....# #.#
+......#
...g###.####.ooWrS#
......(w(.g'.wgo@.#
.....oo.####...oo.#
........# #......#
........# #.#+####
....o...# #.#
...?..{..# #.#
.........# #<#
.....?...# ...


You could see a worm, an orc wizard (invisible), MiaIshata's ghost, an adder, 4
orcs, 2 goblins and a rat.

Vanquished Creatures
  A giant gecko (D:1)
  An orc (D:3)
  A goblin (D:3)
  5 hobgoblins
  2 jackals (D:1)
  7 kobolds
  A ball python (D:1)
  4 bats
  3 giant newts
  4 rats
29 creatures vanquished.

Notes
Turn   | Place    | Note
--------------------------------------------------------------
     0 | Abyss:1  | MiaIshata the Formicid Abyssal Knight began the quest for the Orb.
     0 | Abyss:1  | Reached XP level 1. HP: 18/18 MP: 2/2
     1 | D:1      | Escaped the Abyss
   356 | D:1      | Acquired Lugonu's first power
   356 | D:1      | Reached skill level 1 in Dodging
   358 | D:1      | Reached XP level 2. HP: 22/24 MP: 3/3
   587 | D:1      | Found a glowing golden altar of the Shining One.
  1316 | D:2      | Reached XP level 3. HP: 22/29 MP: 5/5
  1913 | D:3      | Noticed MiaIshata's ghost (average FoFi)
  1925 | D:3      | HP: 1/29 [poisoned by an adder]
  1926 | D:3      | Slain by MiaIshata's ghost

Vault maps used:
D:1:      minmay_arrival_nine_rooms, tso_altar
D:2:      first_bread, hex_intersection, nrook_mini_backslash,
          minmay_misc_feat_diagonals
D:3:      gammafunk_temple_overflow_statue, grunt_dithmenos_smoke

Action                   || total
-------------------------++-------
Melee: Spear             ||   103
Invok: Depart the Abyss  ||     1
 Abil: Dig               ||     4
  Use: Scroll            ||     4
       Potion            ||     2
  Eat: Chunk             ||     1
       Bread ration      ||     1
